 Dungeon Crawl Stone Soup version 0.20-a0-1050-g57248f3 (webtiles) character file.

3332 Murumi the Unseen (level 9, -1/96 HPs)
             Began as a Vampire Enchanter on Apr 25, 2017.
             Was a Believer of Dithmenos.
             Slain by Bronedek's ghost (8 damage)
             ... on level 8 of the Dungeon.
             The game lasted 00:32:36 (6501 turns).

Murumi the Unseen (Vampire Enchanter)               Turns: 6501, Time: 00:32:37

Health: -1/96      AC:  8    Str: 11 (12) XL:     9   Next: 71%
Magic:  1/13       EV: 16    Int: 17      God:    Dithmenos [**....]
Gold:   92         SH:  4    Dex: 18      Spells: 3/14 levels left

rFire    . . .     SeeInvis +   e - +3 dagger (venom)
rCold    + . .     Gourm    .   (no shield)
rNeg     + . .     Faith    .   n - +2 robe {Archmagi}
rPois    .         Spirit   .   v - +0 helmet
rElec    +         Reflect  +   b - +0 cloak
rCorr    .         Harm     .   f - +1 pair of gloves
MR       .....                  (no boots)
Stlth    ..........             B - +4 amulet of reflection
Regen    0.3/turn               (no ring)
MPRegen  0.2/turn               (no ring)

@: berserking (expiring), wreathed by umbra, very quick
A: fangs 3, see invisible, cold resistance 1, deterioration 1, electricity
resistance, unbreathing
a: Bat Form, Shadow Step, Renounce Religion


You were on level 8 of the Dungeon.
You worshipped Dithmenos.
Dithmenos was pleased with you.
You were not thirsty.

You visited 2 branches of the dungeon, and saw 9 of its levels.
You also visited: Sewer.

You collected 372 gold pieces.
You spent 280 gold pieces at shops.

Inventory:

Hand Weapons
 a - a +1 dagger
 e - a +3 dagger of venom (weapon)
Armour
 b - a +0 cloak (worn)
 f - a +1 pair of gloves (worn)
 n - a +2 robe of the Archmagi (worn)
 v - a +0 helmet (worn)
Jewellery
 B - a +4 amulet of reflection (around neck)
Wands
 g - a wand of iceblast (8/15)
 w - a wand of lightning (2/15)
 A - a wand of paralysis (18/24)
Scrolls
 j - 8 scrolls of remove curse
 k - 2 scrolls of teleportation
 o - 2 scrolls of enchant armour
 p - 2 scrolls of fear
 y - a scroll of magic mapping
 z - 3 scrolls of identify
Potions
 d - 23 potions of blood
 h - 3 potions of lignification
 i - 4 potions of brilliance
 l - 10 potions of curing
 m - 5 potions of heal wounds
 q - a potion of flight
 r - a potion of might
 s - a potion of agility
 t - a potion of ambrosia
 u - a potion of resistance
Books
 c - a book of Maledictions

   Spells                             Type                      Level
   a - Corona                         Hexes                        1
   b - Ensorcelled Hibernation        Hexes/Ice                    2
   c - Confuse                        Hexes                        3
   d - Tukima's Dance                 Hexes                        3
   e - Dazzling Spray                 Conjuration/Hexes            3
 x - a book of Misfortune

   Spells                             Type                      Level
   a - Confusing Touch                Hexes                        1
   b - Confuse                        Hexes                        3
   c - Gell's Gravitas                Translocation                3
   d - Petrify                        Transmutation/Earth          4
   e - Metabolic Englaciation         Hexes/Ice                    5
   f - Yara's Violent Unravelling     Hexes/Transmutation          5


   Skills:
 - Level 3.2 Fighting
 - Level 5.2 Short Blades
 - Level 5.3 Dodging
 - Level 15.0 Stealth
 - Level 3.0 Spellcasting
 + Level 8.8 Hexes


You had 3 spell levels left.
You knew the following spells:

 Your Spells              Type           Power        Failure   Level  Hunger
a - Tukima's Dance        Hex            #####...     1%          3    ###....
b - Ensorcelled Hibernat  Hex/Ice        ####..       4%          2    ##.....
c - Confuse               Hex            #####...     1%          3    ###....
d - Dazzling Spray        Conj/Hex       ####..       9%          3    ###....


Dungeon Overview and Level Annotations

Branches:
Dungeon (8/15)             Temple (1/1) D:5
   Lair: D:8-11

Altars:
Ashenzari
Cheibriados
Dithmenos
Elyvilon
Fedhas
Gozag
Hepliaklqana
Kikubaaqudgha
Makhleb
Nemelex Xobeh
Okawaru
Qazlal
Ru
Sif Muna
Trog
Vehumet
Wu Jian
Xom
Yredelemnul
Zin
The Shining One

Shops:
D:7 =

Annotations:
D:8 Bronedek's ghost, novice MiFi


Innate Abilities, Weirdness & Mutations

You have razor-sharp teeth.
You have supernaturally acute eyesight. (SInv)
You can survive without breathing.
Your flesh is cold resistant. (rC+)
Your body sometimes deteriorates upon taking damage.
You are resistant to electric shocks. (rElec)


Message History

Bronedek's ghost hits you!
You hit Bronedek's ghost but do no damage.
Bronedek's ghost is moderately damaged.
You hit Bronedek's ghost. Your bite misses Bronedek's ghost.
Bronedek's ghost is moderately damaged.
Bronedek's ghost hits you.
* * * LOW HITPOINT WARNING * * *
You puncture Bronedek's ghost!
Bronedek's ghost is moderately damaged.
You puncture Bronedek's ghost!
Bronedek's ghost is heavily damaged.
Bronedek's ghost hits you!!
* * * LOW HITPOINT WARNING * * *
Your body deteriorates!
You feel weakened.
You hit Bronedek's ghost but do no damage.
Bronedek's ghost is heavily damaged.
You hit Bronedek's ghost.
Bronedek's ghost is heavily damaged.
Bronedek's ghost hits you!
You die...

## ... ##
######..##
...###.........
#...........# .
# #. #...# #.#.
#.##...# .#.
#..).$.# .
#..@.#.##.# #.
#..W......#
###.
#......####
#... ####..##.#
#..#
..#.....##.#
#..# :.......#
.. #.)#
W.#.###.# ##
#... # #.#...#
#... #.#.#[#
####


You could see Bronedek's ghost.

Vanquished Creatures
  Pikel (D:5)
  Grinder (D:3)
  Sigmund (D:3)
  3 yaks (D:5)
  Eustachio (D:5)
  Menkaure (D:7)
  A phantom (D:7)
  3 ogres
  2 centaurs
  4 big kobolds
  2 bullfrogs (D:7)
  A scorpion (D:5)
  5 crimson imps
  A centaur zombie (D:5)
  2 hounds
  2 orc wizards (D:3)
  2 orc priests
  A bullfrog skeleton (D:8)
  Natasha (thrice) (D:3)
  2 worker ants (D:5)
  2 hound zombies (D:5)
  A hound skeleton (D:5)
  A worker ant zombie (D:6)
  3 gnolls (D:5)
  6 adders
  4 shadow imps
  An adder zombie (D:7)
  2 worms (D:2)
  2 dart slugs
  4 leopard geckos
  15 orcs
  2 ball pythons
  15 bats
  13 giant cockroaches
  4 goblins
  10 hobgoblins
  13 jackals
  3 quokkas
  8 frilled lizards
  A giant cockroach zombie (D:5)
  2 jackal skeletons
  22 kobolds
  11 rats
184 creatures vanquished.

Vanquished Creatures (others)
  4 toadstools (D:1)
4 creatures vanquished.

Grand Total: 188 creatures vanquished

Notes
Turn   | Place    | Note
-------+----------+-------------------------------------------
     0 | D:1      | Murumi the Vampire Enchanter began the quest for the Orb.
     0 | D:1      | Reached XP level 1. HP: 13/13 MP: 3/3
   197 | D:1      | Reached skill level 5 in Stealth
   357 | D:1      | Reached XP level 2. HP: 20/20 MP: 5/5
   361 | D:1      | Learned a level 2 spell: Ensorcelled Hibernation
   496 | D:1      | Reached skill level 1 in Fighting
  1082 | D:2      | Reached XP level 3. HP: 27/27 MP: 6/6
  1087 | D:2      | Learned a level 3 spell: Confuse
  1838 | D:3      | Reached skill level 6 in Stealth
  1838 | D:3      | Reached XP level 4. HP: 32/33 MP: 2/7
  1841 | D:3      | Reached skill level 7 in Stealth
  1993 | D:3      | Reached XP level 5. HP: 28/38 MP: 1/8
  2254 | D:3      | Noticed Grinder
  2259 | D:3      | Paralysed by Grinder for 3 turns
  2286 | D:3      | Killed Grinder
  2286 | D:3      | Reached skill level 5 in Short Blades
  2286 | D:3      | Reached XP level 6. HP: 21/44 MP: 1/9
  2378 | D:3      | Noticed Natasha
  2382 | D:3      | Killed Natasha
  2552 | D:3      | Noticed Natasha
  2555 | D:3      | Killed Natasha
  2555 | D:3      | Reached skill level 8 in Stealth
  2561 | D:3      | Noticed Sigmund
  2569 | D:3      | Killed Sigmund
  2569 | D:3      | Reached skill level 9 in Stealth
  2569 | D:3      | Reached XP level 7. HP: 50/50 MP: 10/10
  2630 | D:3      | Learned a level 3 spell: Tukima's Dance
  2862 | D:4      | Reached skill level 10 in Stealth
  2889 | D:3      | Noticed Natasha
  2921 | D:3      | Killed Natasha
  3201 | D:4      | Reached skill level 5 in Hexes
  3749 | D:5      | Entered Level 5 of the Dungeon
  3749 | D:5      | Noticed Eustachio
  3753 | D:5      | Killed Eustachio
  3804 | D:5      | Reached XP level 8. HP: 52/56 MP: 11/11
  3840 | D:5      | Reached skill level 11 in Stealth
  3846 | D:5      | Learned a level 3 spell: Dazzling Spray
  3929 | D:5      | Gained mutation: Your body sometimes deteriorates upon taking damage. [potion of mutation]
  3929 | D:5      | Gained mutation: You are resistant to electric shocks. (rElec) [potion of mutation]
  3929 | D:5      | Gained mutation: Your flesh is cold resistant. (rC+) [potion of mutation]
  4111 | D:5      | Reached skill level 12 in Stealth
  4169 | D:5      | Found a staircase to the Ecumenical Temple.
  4175 | Temple   | Entered the Ecumenical Temple
  4184 | Temple   | Became a worshipper of Dithmenos the Shadowed
  4537 | D:5      | Noticed Pikel
  4553 | D:5      | Killed Pikel
  4553 | D:5      | Reached skill level 14 in Stealth
  4553 | D:5      | Reached XP level 9. HP: 61/61 MP: 7/12
  4877 | D:6      | Found a glowing drain.
  4891 | Sewer    | Entered a sewer
  4988 | Sewer    | Reached * piety under Dithmenos
  5952 | D:7      | Noticed Menkaure
  5955 | D:7      | Killed Menkaure
  5955 | D:7      | Reached skill level 15 in Stealth
  5976 | D:7      | Found Nuohy's Jewellery Shoppe.
  6007 | D:7      | Bought a cursed -2 ring of strength for 20 gold pieces
  6007 | D:7      | Bought a cursed -2 ring of intelligence for 20 gold pieces
  6007 | D:7      | Bought a cursed +4 amulet of reflection for 240 gold pieces
  6123 | D:7      | Reached ** piety under Dithmenos
  6227 | D:7      | Reached skill level 5 in Dodging
  6464 | D:8      | Noticed Bronedek's ghost (novice MiFi)
  6467 | D:8      | Got a bloodstained short sword
  6468 | D:8      | Identified the cursed +1 short sword "Inesuw" {speed, rC+ Str+4 Dex-3} (You found it on level 8 of the Dungeon)
  6501 | D:8      | Slain by Bronedek's ghost

Vault maps used:
D:1:      ldierk_walled_garden_2, minmay_tetromino_l2
D:3:      kennysheep_generic_room_3, uniq_natasha, uniq_sigmund, uniq_grinder
D:4:      first_bread
D:5:      temple_green, uniq_eustachio, uniq_pikel
D:6:      portal_sewer_entry_b, solitary_fountain
D:7:      serial_shops, nicolae_shop_competitors_out_of_business,
          grunt_ogre_cave, uniq_menkaure
D:8:      lemuel_coloured_pillars_altar
Temple:   dpeg_three_leaves_temple
Sewer:    kennysheep_pipe_town

Skill      XL: |  1  2  3  4  5  6  7  8  9 |
---------------+----------------------------+-----
Stealth        | 5 6 7 9 10 14 15 | 15.0
Fighting       | 2 3 |  3.2
Short Blades   | 2 5 |  5.2
Hexes          | 5 7 8 |  8.8
Dodging        | 4 5 |  5.3
Spellcasting   | 3 |  3.0

Action                   |  1- 3 |  4- 6 |  7- 9 || total
-------------------------+-------+-------+-------++-------
Melee: Dagger            |    78 |    76 |   356 ||   510
       Bite              |     3 |    11 |    27 ||    41
 Cast: Ensorcelled Hiber |     2 |     5 |    22 ||    29
       Confuse           |       |     3 |     8 ||    11
  Use: Scroll            |    10 |     4 |    12 ||    26
       Potion            |       |     4 |     5 ||     9
 Stab: Sleeping          |    16 |    11 |    61 ||    88
       Distracted        |     1 |     1 |     1 ||     3
       Confused          |       |     1 |     3 ||     4
  Eat: Corpse            |       |       |     1 ||     1
Armor: Robe              |    18 |    18 |    65 ||   101
Dodge: Dodged            |    53 |    31 |   180 ||   264
Block: Other             |       |       |     2 ||     2
